 Dungeon Crawl Stone Soup version 0.24-a0-373-g39439d866b (webtiles) character file.

Game seed: 6996705613173881002

51 TheOvate the Shooter (level 3, 0/29 HPs)
             Began as a Centaur Hunter on May 30, 2019.
             Shot with an arrow by a centaur (7 damage)
             ... on level 2 of the Dungeon.
             The game lasted 00:02:26 (2143 turns).

TheOvate the Shooter (Centaur Hunter)               Turns: 2143, Time: 00:02:26

Health: 0/29       AC:  4    Str: 14    XL:     3   Next: 58%
Magic:  3/3        EV:  9    Int: 10    God:
Gold:   105        SH:  0    Dex: 10    Spells: 2/2 levels left

rFire    . . .     SeeInvis .   b - +0 short sword
rCold    . . .     Gourm    .   (no shield)
rNeg     . . .     Faith    .   c - +0 leather armour
rPois    .         Spirit   .   (no helmet)
rElec    .         Reflect  .   (no cloak)
rCorr    .         Harm     .   (no gloves)
MR       .....                  (no barding)
Stlth    +.........             (no amulet)
HPRegen  0.09/turn              (no ring)
MPRegen  0.08/turn              (no ring)

@: very quick
A: large, hooves 3, deformed body, speed 2, tough skin 3
a: no special abilities


You were on level 2 of the Dungeon.
You were not hungry.

You visited 1 branch of the dungeon, and saw 2 of its levels.

You collected 105 gold pieces.

Inventory:

Hand Weapons
 a - a +1 shortbow
 b - a +0 short sword (weapon)
Missiles
 d - 40 arrows
Armour
 c - a +0 leather armour (worn)
Wands
 j - a wand of random effects (10)
Scrolls
 e - a scroll of teleportation {unknown}
 g - 6 scrolls of identify {unknown}
 l - a scroll of fog {unknown}
Potions
 h - a potion of berserk rage {unknown}
 i - a potion of brilliance {unknown}
 k - a potion of agility {unknown}
Comestibles
 f - 2 rations


   Skills:
 + Level 2.1 Fighting
 + Level 1.0 Short Blades
 + Level 6.1 Bows
 + Level 0.9 Armour
 + Level 1.6 Dodging
 - Level 0.4 Stealth


You had 2 spell levels left.
You didn't know any spells.
Your spell library was empty.

Dungeon Overview and Level Annotations

Branches:
Dungeon (2/15)

Altars:


Innate Abilities, Weirdness & Mutations

You have hooves in place of feet.
Armour fits poorly on your strangely shaped body.
You cover ground very quickly.
You have extremely tough skin. (AC +3)


Message History

You open the door.
There is an open door here.
A centaur comes into view.
The centaur shouts!
The centaur wields a +0 shortbow.
The centaur shoots an arrow.
The arrow hits you!
Ouch! That really hurt!
Found a quarterstaff.
You see here an arrow.
There is an open door here.
You open the door.
The centaur shoots an arrow.
The arrow hits you.
* * * LOW HITPOINT WARNING * * *
The centaur shoots an arrow.
The arrow hits you.
* * * LOW HITPOINT WARNING * * *
There is an open door here.
You see here an arrow.
You close the door, pushing everything out of the way.
A centaur opens the door.
The centaur shoots an arrow.
The arrow hits you!
You die...

## ...#######
#......<.############
#........##.........##
#...###..##.###......#
... #.........###..#
#. # .###.....#####
#..# #c
.......@..######..###
..
######...........[..#
#) ##.#######.#.#.# #.
#.# #.#.#.# #. #.#
#.#.#.# # #.#### ##'##
#.....# #≈ #.(..#
##c..## ###.### ≈≈
####.# ##.....## #.#
≈≈≈ ##..## ##.......##
##.###≈≈≈


You could see a centaur.

Vanquished Creatures
  An adder (D:2)
  An ooze (D:2)
  2 dart slugs
  3 leopard geckos (D:1)
  2 giant cockroaches (D:1)
  7 goblins (D:1)
  4 hobgoblins (D:1)
  5 bats
  3 kobolds (D:1)
  2 rats
30 creatures vanquished.

Notes
Turn   | Place    | Note
-------+----------+-------------------------------------------
     0 | D:1      | TheOvate the Centaur Hunter began the quest for the Orb.
     0 | D:1      | Reached XP level 1. HP: 17/17 MP: 1/1
   222 | D:1      | Reached XP level 2. HP: 18/24 MP: 2/2
   751 | D:1      | Reached skill level 6 in Bows
  1048 | D:1      | Reached XP level 3. HP: 27/29 MP: 3/3
  1370 | D:1      | You fall into a shaft and drop 1 floor!
  1723 | D:2      | Reached skill level 1 in Short Blades
  2124 | D:2      | Noticed a centaur
  2143 | D:2      | Shot with an arrow by a centaur

Levels and vault maps discovered:
D:1:      roderic_crop_circles_arrival_small, layout_basic,
          minmay_parallelograms
D:2:      wander_river, layout_loops_corners

Skill      XL: |  1  2  3 |
---------------+----------+-----
Bows           | 6 |  6.1
Short Blades   | 1 |  1.0
Fighting       | |  2.1
Armour         | |  0.9
Dodging        | |  1.6
Stealth        | |  0.4

Action                   || total
-------------------------++-------
Melee: Short sword       ||    99
       Kick              ||    17
 Fire: Shortbow          ||     1
  Use: Potion            ||     1
  Eat: Chunk             ||     3
Armor: Leather armour    ||    39
Dodge: Dodged            ||    49

Table legend:
 A = Non-vault XP
 B = Vault XP
 C = Vault XP percentage of total XP
 D = Non-vault monster count
 E = Vault monster count
 F = Vault count percentage of total count
                 A         B        C        D         E       F
            +---------+---------+-------+---------+---------+-------
      Total |      74 |       0 |   0.0 |      30 |       0 |   0.0
            +---------+---------+-------+---------+---------+-------
        D:1 |      47 |       0 |   0.0 |      25 |       0 |   0.0
        D:2 |      27 |       0 |   0.0 |       5 |       0 |   0.0
            +---------+---------+-------+---------+---------+-------
